 Dungeon Crawl Stone Soup version 0.23.0 (webtiles) character file.

Game seed: 11589113761124533090

66 LLavrengius the Sneak (level 4, -1/28 HPs)
             Began as an Octopode Transmuter on Feb 12, 2019.
             Slain by a worm (9 damage)
             ... on level 2 of the Dungeon.
             The game lasted 00:03:47 (1086 turns).

LLavrengius the Sneak (Octopode Transmuter)         Turns: 1086, Time: 00:03:47

Health: -1/28      AC:  1    Str:  9    XL:     4   Next: 15%
Magic:  7/7        EV: 13    Int: 16    God:
Gold:   39         SH:  0    Dex: 12    Spells: 4/7 levels left

rFire    + . .     SeeInvis .   d - +4 dagger
rCold    . . .     Gourm    .   (no shield)
rNeg     . . .     Faith    .   (helmet restricted)
rPois    .         Spirit   .   (no amulet)
rElec    .         Reflect  .   h - ring of protection from fire
rCorr    .         Harm     .   (no ring)
MR       .....                  (no ring)
Stlth    +++.......             (no ring)
HPRegen  0.09/turn              (no ring)
MPRegen  0.10/turn              (no ring)
                                (no ring)
                                (no ring)

@: lethally poisoned (-1 -> -3), flying
A: almost no armour, stealthy swim, amphibious, 8 rings, constrict 8, camouflage
1, gelatinous body 1
a: no special abilities


You were on level 2 of the Dungeon.
You were hungry.

You visited 1 branch of the dungeon, and saw 2 of its levels.

You collected 39 gold pieces.

Inventory:

Hand Weapons
 d - a +4 dagger (weapon)
Missiles
 a - 12 arrows
Jewellery
 h - a ring of protection from fire (left tentacle)
Scrolls
 b - a scroll of immolation {unknown}
 f - a scroll of blinking {unknown}
 k - a scroll of teleportation {unknown}
 l - 2 scrolls of identify {unknown}
Potions
 i - a potion of curing {unknown}
 j - a potion of ambrosia {unknown}
Comestibles
 c - 7 rations


   Skills:
 - Level 1.0 Fighting
 - Level 2.0 Short Blades
 - Level 2.0 Dodging
 + Level 3.3 Stealth
 - Level 3.0 Unarmed Combat
 - Level 2.1 Spellcasting
 - Level 2.4 Transmutations


You had 4 spell levels left.
You knew the following spells:

 Your Spells              Type           Power        Failure   Level  Hunger
a - Beastly Appendage     Tmut           #.....       8%          1    #......
b - Sticks to Snakes      Tmut           #.......     12%         2    ###....

Your spell library contained the following spells:

 Spells                   Type           Power        Failure   Level  Hunger
 Spider Form              Tmut/Pois      #.........   36%         3    ###....
 Ice Form                 Ice/Tmut       #.......     77%         4    #####..
 Blade Hands              Tmut           #.........   91%         5    ######.


Dungeon Overview and Level Annotations

Branches:
Dungeon (2/15)

Altars:
Kikubaaqudgha


Innate Abilities, Weirdness & Mutations

You cannot wear most types of armour.
You are very stealthy in the water. (Stealth+)
You are amphibious.
You can wear up to eight rings at the same time.
You can use your tentacles to constrict eight enemies at once.
Your skin changes colour to match your surroundings (Stealth+).
Your rubbery body absorbs attacks. (AC +1, EV +1)


Message History

The quokka barely misses you.
You closely miss the quokka. You grab the quokka.
You constrict the quokka, but do no damage.
The quokka bites you.
You hit the quokka. You squeeze the quokka.
You kill the quokka!
You feel sick. The frilled lizard bites you.
You hit the frilled lizard.
You kill the frilled lizard!
You completely miss the worm. You grab the worm.
You constrict the worm, but do no damage.
You hit the worm.
The worm is lightly wounded.
You constrict the worm. The worm bites you!
You are too injured to fight recklessly!
You hit the worm.
The worm is heavily wounded.
You constrict the worm.
You feel sick. The worm bites you!
You die...

#.........# #..........+.#
########### #.....†....###
#..........# ### #........>.#
.... #..........####
.....####### #..............
...........# #.......(......
...........####..######......
...........w@....# #......
#####..†...####### #......
#......# #...... #......#
####### #......# #......#
#......# #......#


You could see a worm.

Vanquished Creatures
  An adder (D:2)
  2 worms (D:2)
  A dart slug (D:2)
  A leopard gecko (D:2)
  9 bats
  A bat zombie (D:2)
  2 giant cockroaches (D:2)
  8 goblins (D:1)
  2 hobgoblins
  3 jackals (D:1)
  A quokka (D:2)
  2 frilled lizards (D:2)
  4 kobolds (D:1)
  11 rats
  A rat zombie (D:2)
49 creatures vanquished.

Notes
Turn   | Place    | Note
-------+----------+-------------------------------------------
     0 | D:1      | LLavrengius the Octopode Transmuter began the quest for the
                  | Orb.
     0 | D:1      | Reached XP level 1. HP: 13/13 MP: 3/3
   203 | D:1      | Reached XP level 2. HP: 18/18 MP: 5/5
   309 | D:1      | Reached skill level 1 in Stealth
   336 | D:1      | Reached skill level 1 in Short Blades
   387 | D:1      | Reached XP level 3. HP: 14/23 MP: 6/6
   716 | D:2      | Learned a level 2 spell: Sticks to Snakes
   739 | D:2      | Found an ancient bone altar of Kikubaaqudgha.
  1076 | D:2      | Reached XP level 4. HP: 3/28 MP: 7/7
  1086 | D:2      | Slain by a worm

Skill      XL: |  1  2  3 |
---------------+----------+-----
Stealth        | 1 3 |  3.3
Short Blades   | 1 2 |  2.0
Fighting       | |  1.0
Dodging        | |  2.0
Unarmed Combat | |  3.0
Spellcasting   | |  2.1
Transmutations | |  2.4

Action                   |  1- 3 |  4- 6 || total
-------------------------+-------+-------++-------
Melee: Unarmed           |     8 |       ||     8
       Constrict         |    22 |     2 ||    24
       Tentacles         |    16 |     1 ||    17
       Dagger            |    89 |     7 ||    96
 Cast: Beastly Appendage |     1 |       ||     1
  Use: Potion            |       |     2 ||     2
 Stab: Sleeping          |     7 |       ||     7
Armor: Skin              |    18 |       ||    18
Dodge: Dodged            |    57 |     2 ||    59
